 Dungeon Crawl Stone Soup version 0.22.1-2-g9c5b331 (webtiles) character file.

15174 Malhgor the Basher (level 11, 0/90 HPs)
             Began as a Demonspawn Fighter on Jan 1, 2019.
             Was a High Priest of Makhleb.
             Slain by a komodo dragon (19 damage)
             ... on level 1 of the Lair of Beasts.
             The game lasted 01:03:32 (11236 turns).

Malhgor the Basher (Demonspawn Fighter)            Turns: 11236, Time: 01:03:33

Health: 0/90       AC: 19    Str: 17    XL:     11   Next: 98%
Magic:  0/16       EV: 11    Int: 11    God:    Makhleb [*****.]
Gold:   549        SH:  7    Dex: 14    Spells: 8/10 levels left

rFire    . . .     SeeInvis .   a - +1 flail
rCold    . . .     Gourm    .   I - +2 buckler
rNeg     . . .     Faith    .   x - +4 plate armour {rPois}
rPois    +         Spirit   +   B - +1 hat
rElec    .         Reflect  .   (no cloak)
rCorr    .         Harm     .   (no gloves)
MR       .....                  (no boots)
Stlth    ..........             (no amulet)
HPRegen  0.25/turn              m - ring of stealth
MPRegen  0.30/turn              j - +4 ring of evasion

@: no status effects
A: talons 1, icy blue scales 1, powered by pain 1, magic shield, magic
regeneration
a: Minor Destruction, Lesser Servant of Makhleb, Major Destruction, Greater
Servant of Makhleb, Renounce Religion


You were on level 1 of the Lair of Beasts.
You worshipped Makhleb.
Makhleb was extremely pleased with you.
You were not hungry.

You visited 3 branches of the dungeon, and saw 14 of its levels.

You collected 549 gold pieces.

Inventory:

Hand Weapons
 a - a +1 flail (weapon)
 u - a +0 whip of freezing
Missiles
 k - 282 stones (quivered)
Armour
 c - a +0 shield
 x - a +4 plate armour of poison resistance (worn)
 B - a +1 hat (worn)
 I - a +2 buckler (worn)
Jewellery
 b - an uncursed ring of positive energy {unknown}
 j - a +4 ring of evasion (right hand)
 m - a ring of stealth (left hand)
 n - an uncursed amulet of rage
Wands
 e - a wand of iceblast (7)
 h - a wand of disintegration (12)
 s - a wand of flame (12)
 C - a wand of acid (15)
 E - a wand of paralysis (12)
Scrolls
 g - 6 scrolls of remove curse
 i - 2 scrolls of noise
 l - 6 scrolls of enchant weapon
 p - a scroll of teleportation
 q - 7 scrolls of magic mapping
 r - 2 scrolls of amnesia
 t - a scroll of fog
 y - 8 scrolls of identify
 G - 2 scrolls of torment {unknown}
 H - a scroll of random uselessness {unknown}
Potions
 d - 2 potions of haste
 v - a potion of invisibility
 w - 2 potions of mutation
 z - 2 potions of heal wounds
 D - a potion of resistance
 F - a potion of brilliance
Miscellaneous
 o - a fan of gales
Comestibles
 f - 27 rations
 A - 12 chunks of flesh


   Skills:
 + Level 9.7 Fighting
 * Level 11.4 Maces & Flails
 + Level 6.0 Armour
 + Level 5.2 Dodging
 + Level 4.9 Shields
 - Level 7.0 Invocations
 - Level 5.1 Evocations


You had 8 spell levels left.
You knew the following spells:

 Your Spells              Type           Power        Failure   Level  Hunger
a - Swiftness             Chrm/Air       #.......     100%        2    ###....

Your spell library contained the following spells:

 Spells                   Type           Power        Failure   Level  Hunger
 Animate Skeleton         Necr           N/A          100%        1    ##.....
 Corona                   Hex            #......      100%        1    ##.....
 Pain                     Necr           #...         100%        1    ##.....
 Shock                    Conj/Air       #...         100%        1    ##.....
 Slow                     Hex            #.......     100%        2    ###....
 Ignite Poison            Fire/Tmut/Pois #.......     100%        3    ####...
 Inner Flame              Hex/Fire       #.......     100%        3    ####...
 Portal Projectile        Hex/Tloc       #.....       100%        3    ####...
 Regeneration             Chrm/Necr      #.........   100%        3    ####...
 Static Discharge         Conj/Air       #.......     100%        3    ####...
 Vampiric Draining        Necr           #.........   100%        3    ####...
 Airstrike                Air            #.........   100%        4    #####..
 Animate Dead             Necr           N/A          100%        4    #####..
 Cause Fear               Hex            #.........   100%        4    #####..
 Leda's Liquefaction      Hex/Erth       #.........   100%        4    #####..
 Fireball                 Conj/Fire      #.........   100%        5    ######.
 Lightning Bolt           Conj/Air       #.........   100%        5    ######.
 Bolt of Fire             Conj/Fire      #.........   100%        6    #######
 Ring of Flames           Chrm/Fire      #.........   100%        7    #######
 Ignition                 Fire           #.........   100%        8    #######


Dungeon Overview and Level Annotations

Branches:
Dungeon (11/15)            Temple (1/1) D:4            Lair (2/6) D:8
    Orc (0/2) D:10
  Swamp: Lair:2-4    Shoals: Lair:2-4     Snake: Lair:2-4    Spider: Lair:2-4

Altars:
Ashenzari
Cheibriados
Dithmenos
Elyvilon
Fedhas
Gozag
Hepliaklqana
Kikubaaqudgha
Makhleb
Nemelex Xobeh
Okawaru
Qazlal
Ru
Sif Muna
Trog
Uskayaw
Vehumet
Wu Jian
Xom
Yredelemnul
Zin
The Shining One

Shops:
D:8 [

Annotations:
D:1 Done
D:2 Done
D:3 Done
D:4 Done
D:5 Done
D:6 Done
D:7 Done
D:8 Done
D:9 Done
D:10 Done


Innate Abilities, Weirdness & Mutations

You have sharp toenails.
You are partially covered in icy blue scales. (AC +2)
You sometimes gain a little power by taking damage.
When hurt, damage is shared between your health and your magic reserves.
You regenerate magic rapidly.


Message History

Makhleb accepts your kill.
You feel better. The komodo dragon barely misses you.
You sock the komodo dragon!
The komodo dragon is moderately wounded.
The komodo dragon bites you but does no damage.
You hit the komodo dragon but do no damage.
You claw the komodo dragon, but do no damage.
The komodo dragon is moderately wounded.
You hit the komodo dragon.
The komodo dragon is moderately wounded.
The komodo dragon bites you!!
* * * LOW HITPOINT WARNING * * *
You hit the komodo dragon.
The komodo dragon is moderately wounded.
The komodo dragon closely misses you.
Your plate armour prevents you from hitting the komodo dragon.
Your kick misses the komodo dragon.
The komodo dragon is moderately wounded.
The komodo dragon bites you!!
You die...

##.....#.....##
#....).##.....#
##.............
########.........#.##
##......#.....#...###.
##.............#...# #.
.#..............)..... .
........................
#..[(l@......>.........
#.......##.............
#......................
................... .
..............!... .
................. .
.........###.##
.........# ##


You could see a komodo dragon.

Vanquished Creatures
  Erolcha (D:9)
  A hydra (Lair:1)
  Erica (D:10)
  A two-headed ogre (D:9)
  Pikel (D:8)
  Maurice (D:8)
  2 spiny frogs (Lair:1)
  2 trolls
  A merfolk (D:10)
  Grinder (D:6)
  A hornet (D:10)
  4 hippogriffs
  4 blink frogs (Lair:1)
  A wraith (D:9)
  Sigmund (D:6)
  2 wyverns
  2 hungry ghosts
  Grum (D:8)
  A basilisk (Lair:1)
  2 water moccasins
  An acid dragon (D:11)
  3 porcupines
  2 ice beasts
  2 sky beasts
  2 orc warriors
  A phantom (D:10)
  2 slaves (D:8)
  2 necrophages
  7 ogres
  The ghost of Tiagovsky the Firebug, an amateur DrFE (D:3)
  2 eyes of draining (D:5)
  9 wolves
  4 boggarts (D:10)
  10 centaurs
  2 crocodiles
  2 big kobolds
  9 bullfrogs
  4 scorpions
  A troll zombie (D:10)
  8 killer bees
  2 howler monkeys
  8 crimson imps
  A centaur zombie (D:9)
  2 jellies
  2 bullfrog zombies
  4 hounds
  8 orc priests
  7 orc wizards
  A centaur skeleton (D:6)
  3 iguanas
  5 worker ants
  5 ogre zombies (D:10)
  A hound skeleton (D:7)
  A worker ant zombie (D:5)
  Robin (D:4)
  6 gnolls
  14 adders
  6 shadow imps
  3 oozes
  An adder skeleton (D:4)
  An adder zombie (D:10)
  2 worms
  A dart slug (D:1)
  6 leopard geckos
  31 orcs
  2 ball pythons (D:2)
  10 bats
  9 giant cockroaches
  15 goblins
  12 hobgoblins
  22 jackals
  10 kobolds
  3 quokkas
  4 frilled lizards
  3 goblin zombies (D:10)
  A hobgoblin skeleton (D:10)
  5 hobgoblin zombies (D:10)
  A jackal zombie (D:6)
  2 leopard gecko skeletons
  An orc skeleton (D:10)
  8 orc zombies (D:10)
  A quokka skeleton (D:6)
  10 rats
346 creatures vanquished.

Vanquished Creatures (others)
  A centaur skeleton (D:5)
  3 fungi (D:8)
  A plant (Lair:1)
  2 withered plants (D:3)
7 creatures vanquished.

Grand Total: 353 creatures vanquished

Notes
Turn   | Place    | Note
-------+----------+-------------------------------------------
     0 | D:1      | Malhgor the Demonspawn Fighter began the quest for the Orb.
     0 | D:1      | Reached XP level 1. HP: 18/18 MP: 1/1
    88 | D:2      | Reached skill level 2 in Maces & Flails
   137 | D:1      | Gained mutation: You are partially covered in icy blue
                  | scales. (AC +2) [demonic ancestry]
   137 | D:1      | Reached XP level 2. HP: 18/24 MP: 2/2
   266 | D:1      | Found a shattered altar of Ashenzari.
   440 | D:1      | Reached skill level 3 in Maces & Flails
   580 | D:1      | Gained mutation: You sometimes gain a little power by
                  | taking damage. [demonic ancestry]
   580 | D:1      | Reached XP level 3. HP: 28/29 MP: 3/3
  1040 | D:2      | Found an ornate altar of the Wu Jian Council.
  1166 | D:2      | Found a sacrificial altar of Ru.
  1173 | D:2      | Found an opulent altar of Gozag.
  1302 | D:2      | Gained mutation: When hurt, damage is shared between your
                  | health and your magic reserves. [demonic ancestry]
  1302 | D:2      | Reached XP level 4. HP: 29/35 MP: 4/4
  1321 | D:2      | Reached skill level 4 in Maces & Flails
  1481 | D:3      | Found a runed door.
  1481 | D:3      | Noticed Tiagovsky's ghost (amateur DrFE)
  1976 | D:3      | Reached XP level 5. HP: 41/41 MP: 5/5
  2417 | D:4      | Reached skill level 5 in Maces & Flails
  2479 | D:4      | Found a radiant altar of Vehumet.
  2512 | D:4      | Noticed an ogre
  2520 | D:4      | Killed an ogre
  2668 | D:3      | Gained mutation: You regenerate magic rapidly. [demonic
                  | ancestry]
  2668 | D:3      | Reached XP level 6. HP: 47/47 MP: 6/6
  2921 | D:3      | Killed Tiagovsky's ghost
  2921 | D:3      | Reached skill level 6 in Maces & Flails
  3058 | D:5      | Entered Level 5 of the Dungeon
  3125 | D:5      | Reached skill level 1 in Evocations
  3180 | D:5      | Gained mutation: You have sharp toenails. [demonic
                  | ancestry]
  3180 | D:5      | Reached XP level 7. HP: 14/52 MP: 6/8
  3205 | D:4      | HP: 2/52 [poisoned by a scorpion]
  3213 | D:4      | HP: 2/52 [poisoned by a scorpion]
  3534 | D:5      | Found a large runed door.
  3535 | D:5      | Found a large runed door.
  3859 | D:5      | Reached skill level 7 in Maces & Flails
  4079 | D:4      | Found a staircase to the Ecumenical Temple.
  4089 | Temple   | Entered the Ecumenical Temple
  4433 | D:4      | Found a burning altar of Makhleb.
  4436 | D:4      | Became a worshipper of Makhleb the Destroyer
  4505 | D:4      | Noticed Robin
  4519 | D:4      | Reached XP level 8. HP: 47/61 MP: 6/10
  4531 | D:4      | Killed Robin
  5195 | D:6      | Noticed Sigmund
  5200 | D:6      | Killed Sigmund
  5200 | D:6      | Reached skill level 5 in Fighting
  5371 | D:6      | Found an iron altar of Okawaru.
  5471 | D:5      | Reached * piety under Makhleb
  5474 | D:5      | Found a bloodstained altar of Trog.
  5480 | D:5      | Reached skill level 8 in Maces & Flails
  5480 | D:5      | Reached skill level 5 in Evocations
  5488 | D:5      | Reached skill level 1 in Invocations
  5587 | D:5      | Found a large runed door.
  5587 | D:5      | Found a large runed door.
  5736 | D:5      | Noticed a hippogriff
  5748 | D:5      | Killed a hippogriff
  5748 | D:5      | Reached XP level 9. HP: 49/71 MP: 8/12
  5953 | D:6      | Noticed Grinder
  5958 | D:6      | Paralysed by Grinder for 2 turns
  5968 | D:6      | Killed Grinder
  6313 | D:7      | Found a white marble altar of Elyvilon.
  6381 | D:8      | Reached ** piety under Makhleb
  6383 | D:8      | Found Uvaumape's Armour Boutique.
  6403 | D:8      | Reached skill level 5 in Invocations
  6513 | D:7      | Reached skill level 1 in Dodging
  6642 | D:7      | Found a sparkling altar of Nemelex Xobeh.
  6680 | D:7      | Reached skill level 9 in Maces & Flails
  7165 | D:7      | Reached XP level 10. HP: 68/80 MP: 14/14
  7218 | D:7      | You fall through a shaft for 2 floors!
  7228 | D:9      | Learned a level 2 spell: Swiftness
  7232 | D:8      | Found a shadowy altar of Dithmenos.
  7367 | D:8      | Noticed Grum
  7390 | D:8      | Killed Grum
  7398 | D:8      | Reached *** piety under Makhleb
  7727 | D:8      | Noticed Pikel
  7742 | D:8      | Killed Pikel
  7803 | D:8      | Found a blossoming altar of Fedhas.
  8035 | D:8      | Found a glowing golden altar of the Shining One.
  8060 | D:8      | Noticed Maurice
  8069 | D:8      | Killed Maurice
  8126 | D:8      | Found a staircase to the Lair.
  8587 | D:9      | Noticed Erolcha
  8593 | D:9      | Killed Erolcha
  8593 | D:9      | Reached skill level 10 in Maces & Flails
  8593 | D:9      | Reached skill level 5 in Armour
  8677 | D:9      | Noticed a two-headed ogre
  8684 | D:9      | Killed a two-headed ogre
  8684 | D:9      | Reached XP level 11. HP: 65/87 MP: 12/16
  8755 | D:10     | Entered Level 10 of the Dungeon
  8755 | D:10     | Noticed Erica
  8764 | D:10     | Killed Erica
  8820 | D:10     | Found a staircase to the Orcish Mines.
  9335 | D:11     | Reached **** piety under Makhleb
  9897 | D:10     | Paralysed by a hornet for 3 turns
 10540 | D:11     | Reached skill level 11 in Maces & Flails
 10602 | D:11     | Noticed an orc sorcerer
 10603 | D:11     | Noticed a purple ugly thing
 10603 | D:11     | Noticed a two-headed ogre
 10603 | D:11     | Noticed a wizard
 10683 | Lair:1   | Entered Level 1 of the Lair of Beasts
 10868 | Lair:1   | Reached ***** piety under Makhleb
 11029 | Lair:1   | Noticed an eight-headed hydra
 11135 | Lair:1   | Killed an eight-headed hydra
 11135 | Lair:1   | Reached skill level 5 in Dodging
 11229 | Lair:1   | HP: 3/90 [komodo dragon (17)]
 11236 | Lair:1   | Slain by a komodo dragon

Skill      XL: |  1  2  3  4  5  6  7  8  9 10 11 |
---------------+----------------------------------+-----
Maces & Flails | 2 3 4 5 6 7 8 9 10 11 | 11.4
Evocations     | 1 3 5 |  5.1
Fighting       | 4 6 7 8 9 |  9.7
Invocations    | 2 5 7 |  7.0
Armour         | 3 5 6 |  6.0
Dodging        | 2 4 5 |  5.2
Shields        | 4 |  4.9

Action                   |  1- 3 |  4- 6 |  7- 9 | 10-12 || total
-------------------------+-------+-------+-------+-------++-------
Melee: Flail             |   153 |   195 |   420 |   429 ||  1197
       Kick              |       |       |   124 |   144 ||   268
       Whip              |       |       |       |     9 ||     9
Throw: Stone             |    14 |       |    14 |     6 ||    34
Invok: Minor Destruction |       |       |    66 |   260 ||   326
Evoke: Wand              |       |     1 |    17 |     4 ||    22
  Use: Potion            |     2 |     6 |       |     4 ||    12
       Scroll            |       |       |    17 |     1 ||    18
 Stab: Invisible         |       |     1 |       |       ||     1
       Sleeping          |       |     1 |       |       ||     1
  Eat: Chunk             |     2 |     5 |    13 |    14 ||    34
       Ration            |       |       |       |     1 ||     1
Armor: Scale mail        |   116 |    66 |       |       ||   182
       Chain mail        |       |    29 |    39 |       ||    68
       Plate armour      |       |       |   301 |   257 ||   558
Dodge: Dodged            |   109 |   159 |   232 |   235 ||   735
Block: Buckler           |       |       |       |    97 ||    97
